Map: Snowy Mesa

Players

TimeTwist - Winner!

  • Race: Zerg Zerg
  • Spawn Location: 6:00

dallaskuken - Winner!

  • Race: Protoss Protoss
  • League: Silver
  • Spawn Location: 6:00

FrogMint

  • Race: Zerg Zerg
  • Spawn Location: 12:00

Loken

  • Race: Protoss Protoss
  • Spawn Location: 12:00

VOD

Have the link to the VOD?

Description

Time

  • Played on: March 7, 2017, 8:18 a.m.
  • Length: 10:17
Show
View Real Time Build Order
Export as new Build Order

TimeTwist Zerg - Winner!

Build Orders: Hatch First 

Get SALT Encoding   

  12  0:01  Drone  
  13  0:12  Overlord  
  13  0:20  Drone  
  14  0:27  Extractor  
  13  0:29  Drone  
  14  0:46  Drone x2  
  16  0:57  Hatchery  
  15  1:13  Spawning Pool  
  15  1:15  Drone  
  15  1:19  Drone  
  15  1:24  Drone  
  17  1:36  Drone  
  17  1:38  Drone  
  19  1:49  Drone  
  20  1:59  Overlord  
  20  2:00  Queen  
  22  2:01  Metabolic Boost  
  22  2:11  Queen  
  24  2:16  Drone  
  24  2:21  Drone  
  26  2:25  Drone  
  26  2:28  Drone  
  28  2:40  Drone x2  
  30  2:44  Queen  
  30  2:49  Overlord  
  32  3:01  Zergling x6  
  35  3:10  Zergling x10  
  40  3:15  Zergling x2  
  40  3:19  Queen  
  43  3:21  Overlord  
  43  3:22  Drone  
  43  3:24  Overlord  
  44  3:42  Drone x6  
  44  3:43  Drone  
  51  3:57  Drone x4  
  51  4:01  Zergling x2  
  56  4:11  Overlord  
  56  4:22  Overlord  
  56  4:23  Drone x2  
  50  4:38  Zergling x4  
  50  4:39  Zergling x2  
  52  4:47  Spine Crawler  
  52  4:48  Spine Crawler  
  52  4:49  Spine Crawler  
  52  4:50  Spine Crawler  
  52  4:51  Zergling x4  
  50  4:59  Extractor  
  49  5:01  Roach Warren  
  49  5:05  Zergling x4  
  50  5:11  Hatchery  
  49  5:29  Zergling x2  
  49  5:30  Zergling x14  
  49  5:31  Zergling x2  
  58  5:44  Drone, Evolution Chamber  
  58  5:46  Extractor  
  58  5:47  Zergling x2, Extractor  
  57  6:02  Evolution Chamber  
  56  6:16  Lair  
  56  6:18  Drone x4  
  58  6:19  Drone x4, Overlord  
  64  6:29  Spore Crawler  
  64  6:31  Spore Crawler  
  64  6:32  Drone x3  
  65  6:33  Drone  
  65  6:37  Roach  
  68  6:45  Drone x4  
  72  7:22  Unknown  
  70  7:26  Zerg Ground Armor Level 1, Zerg Missile Weapons Level 1  
  70  7:36  Roach x5  
  70  7:37  Roach x4, Overlord x3  
  86  7:40  Glial Reconstitution  
  88  7:46  Hydralisk Den  
  87  8:02  Spire  
  87  8:21  Overlord x2  
  87  8:33  Drone x4  
  87  8:34  Hatchery, Drone  
  91  8:35  Hatchery  
  75  8:50  Overseer x3  
  75  8:53  Roach x4  
  75  8:54  Roach x2, Overlord x2  
  85  8:57  Drone x6  
  73  9:17  Corruptor x4  
  73  9:22  Drone  
  73  9:23  Drone x4  
  86  9:39  Roach x3  
  86  9:40  Roach x2  
  97  9:50  Hatchery  
Show
View Real Time Build Order
Export as new Build Order

dallaskuken Protoss - Winner!

Build Orders:  

Get SALT Encoding   

  12  0:01  Probe (Chrono Boost)  
  13  0:12  Probe (Chrono Boost)  
  14  0:21  Pylon  
  14  0:23  Probe (Chrono Boost)  
  15  0:39  Probe (Chrono Boost)  
  16  0:46  Assimilator  
  16  0:50  Probe (Chrono Boost)  
  16  0:52  Gateway  
  17  1:00  Probe (Chrono Boost)  
  19  1:11  Probe (Chrono Boost)  
  19  1:21  Probe (Chrono Boost)  
  20  1:29  Pylon  
  20  1:34  Probe (Chrono Boost)  
  21  1:42  Cybernetics Core  
  21  1:44  Probe (Chrono Boost)  
  22  1:53  Assimilator  
  22  1:55  Probe (Chrono Boost)  
  23  2:05  Zealot  
  26  2:20  Mothership Core (Chrono Boost)  
  27  2:40  Probe (Chrono Boost)  
  27  2:43  Warp Gate  
  28  2:51  Probe (Chrono Boost)  
  29  2:53  Stargate  
  29  3:01  Probe (Chrono Boost)  
  30  3:05  Pylon  
  30  3:07  Pylon  
  30  3:23  Stalker  
  32  4:09  Void Ray  
  34  4:27  Probe (Chrono Boost)  
  34  4:30  Zealot  
  37  4:34  Protoss Air Weapons Level 1  
  37  4:42  Stargate  
  37  4:49  Void Ray  
  41  5:02  Zealot  
  43  5:11  Probe (Chrono Boost)  
  44  5:16  Pylon  
  44  5:19  Pylon  
  44  5:24  Stargate  
  44  5:35  Void Ray  
  48  6:04  Void Ray  
  48  6:06  Nexus  
  52  6:36  Void Ray  
  56  6:49  Void Ray  
  60  7:28  Assimilator  
  60  7:30  Robotics Facility, Assimilator  
  60  7:34  Pylon  
  60  7:35  Void Ray  
  60  7:36  Pylon  
  64  7:40  Pylon  
  60  8:46  Void Ray  
  56  8:52  Void Ray  
  60  9:17  Void Ray  
Show
View Real Time Build Order
Export as new Build Order

FrogMint Zerg 

Build Orders: Pool First, Swarm Host 

Get SALT Encoding   

  12  0:01  Drone  
  13  0:12  Overlord  
  13  0:21  Drone  
  14  0:30  Drone  
  14  0:34  Drone  
  14  0:35  Drone  
  17  0:45  Drone  
  18  0:54  Spawning Pool  
  18  0:56  Drone  
  18  1:09  Drone, Extractor  
  18  1:17  Drone  
  19  1:43  Drone x2  
  21  1:48  Hatchery, Queen  
  21  1:50  Overlord  
  22  2:11  Drone x2  
  22  2:15  Extractor  
  23  2:39  Drone  
  23  2:40  Drone  
  23  2:42  Metabolic Boost  
  25  2:48  Drone, Roach Warren  
  25  2:52  Queen  
  27  3:00  Queen  
  27  3:02  Drone  
  30  3:08  Drone  
  30  3:09  Drone  
  32  3:13  Overlord x3  
  32  3:47  Drone  
  33  4:00  Roach  
  33  4:01  Roach x7  
  37  4:48  Hatchery  
  37  4:49  Lair  
  37  4:51  Drone x3  
  37  4:52  Drone  
  40  5:19  Drone x2  
  40  5:20  Drone x3  
  40  5:21  Overlord  
  45  5:31  Drone x2  
  49  5:42  Roach  
  49  5:58  Infestation Pit  
  49  6:02  Hydralisk Den  
  47  6:06  Queen  
  47  6:09  Roach x3  
  55  6:19  Drone x2  
  57  6:33  Muscular Augments  
  57  6:35  Pathogen Glands  
  57  6:39  Drone x2  
  59  6:42  Overseer  
  59  6:55  Drone x2  
  59  6:58  Drone x5  
  66  7:01  Overlord  
  66  7:07  Overlord  
  66  7:30  Glial Reconstitution  
  66  7:34  Swarm Host  
  66  7:35  Swarm Host x3  
  66  7:36  Swarm Host x2  
  84  7:51  Overlord  
  84  7:52  Overlord x4  
  84  8:18  Hydralisk x3  
  84  8:19  Hydralisk x2  
  75  9:00  Hydralisk  
  75  9:01  Hydralisk x6  
  79  9:12  Overlord x3  
  54  9:42  Hydralisk x2  
Show
View Real Time Build Order
Export as new Build Order

Loken Protoss 

Build Orders: Colossus Rush 

Get SALT Encoding   

  12  0:09  Pylon  
  12  0:14  Probe (Chrono Boost)  
  13  0:24  Probe (Chrono Boost)  
  14  0:35  Probe (Chrono Boost)  
  15  0:46  Gateway  
  15  0:48  Probe (Chrono Boost)  
  16  0:59  Probe (Chrono Boost)  
  17  1:09  Probe (Chrono Boost)  
  18  1:14  Assimilator  
  18  1:20  Assimilator, Probe (Chrono Boost)  
  19  1:31  Probe (Chrono Boost)  
  20  1:35  Cybernetics Core  
  20  1:45  Probe (Chrono Boost)  
  21  1:53  Pylon  
  21  1:55  Probe (Chrono Boost)  
  22  2:06  Probe (Chrono Boost)  
  23  2:11  Zealot  
  23  2:13  Robotics Facility  
  25  2:16  Warp Gate, Probe (Chrono Boost)  
  27  2:30  Probe (Chrono Boost)  
  27  2:39  Pylon  
  27  2:43  Pylon  
  27  3:00  Observer  
  28  3:08  Sentry  
  30  3:18  Gateway  
  29  3:22  Gateway  
  29  3:24  Gateway  
  29  3:35  Stalker  
  31  3:58  Immortal  
  34  4:05  Probe (Chrono Boost)  
  33  4:24  Zealot  
  33  4:25  Zealot x3  
  37  4:47  Zealot x4  
  45  4:59  Pylon  
  45  5:01  Pylon  
  45  5:12  Immortal  
  45  5:17  Robotics Bay  
  49  5:22  Gateway  
  49  5:23  Gateway  
  49  5:27  Forge  
  49  5:37  Stalker x2  
  53  5:57  Colossus  
  53  6:10  Probe (Chrono Boost)  
  60  6:12  Sentry  
  62  6:20  Pylon  
  62  6:23  Pylon  
  62  6:44  Colossus  
  68  6:56  Extended Thermal Lance  
  66  7:25  Stalker x3  
  66  7:26  Stalker x2  
  70  8:18  Stalker x2  
  70  8:19  Stalker x3  
  50  8:45  Stalker x3  
  38  9:39  Nexus  
Tags
 
Add a new tag
Caveats
  • Supply blocks, unpowered buildings, or Contaminate may cause inaccurate times.
  • Supply counts are checked every 10 seconds.